 Dungeon Crawl Stone Soup version 0.25-a0-617-g20d90ebb82 (webtiles) character file.

Game seed: 5329486500837352670, levelgen mode: deterministic

94 Kohma the Stinger (level 4, -3/33 HPs)
             Began as a Draconian Venom Mage on Mar 18, 2020.
             Was an Initiate of Ashenzari.
             Slain by Crazy Yiuf
             ... wielding a +2 quarterstaff of chaos
              (9 damage)
             ... on level 2 of the Dungeon.
             The game lasted 00:08:05 (2211 turns).

Kohma the Stinger (Draconian Venom Mage)            Turns: 2211, Time: 00:08:06

Health: -3/33      AC:  8    Str: 11    XL:     4   Next: 38%
Magic:  0/8        EV: 17    Int: 16    God:    Ashenzari [......]
Gold:   68         SH:  0    Dex: 11    Spells: 2/8 levels left

rFire    . . .     SeeInvis .   p - +0 rapier
rCold    . . .     Gourm    .   (no shield)
rNeg     . . .     Faith    .   (armour unavailable)
rPois    .         Spirit   .   (helmet restricted)
rElec    .         Reflect  .   f - +2 cloak (curse)
rCorr    .         Harm     .   (no gloves)
MR       .....                  (no boots)
Stlth    ++........             (no amulet)
HPRegen  0.11/turn              (no ring)
MPRegen  0.11/turn              (no ring)

@: agile, lightly drained
A: unfitting armour, cold-blooded, AC +5
a: Curse Item, Renounce Religion


You were on level 2 of the Dungeon.
You worshipped Ashenzari.
Ashenzari was noncommittal.
You were not hungry.

You visited 1 branch of the dungeon, and saw 2 of its levels.

You collected 68 gold pieces.

Inventory:

Hand Weapons
 i - a +0 dagger
 p - a +0 rapier (weapon)
 s - a +0 hunting sling
Missiles
 a - 58 sling bullets
 d - 37 stones (quivered)
 r - 17 poisoned darts
Armour
 f - a cursed +2 cloak (worn)
 h - a +0 buckler
Scrolls
 c - 3 scrolls of teleportation {unknown}
 g - 2 scrolls of blinking {unknown}
 k - 3 scrolls of identify {unknown}
 m - a scroll of noise {unknown}
 q - a scroll of fog {unknown}
Potions
 e - a potion of curing
 j - 2 potions of ambrosia {unknown}
 n - a potion of heal wounds {unknown}
 o - a potion of mutation {unknown}
 t - 2 potions of invisibility {unknown}
Comestibles
 b - 4 rations
 l - a chunk of flesh


   Skills:
 - Level 1.7(1.3) Dodging
 - Level 1.7(1.3) Stealth
 * Level 0.2(0.0) Shields
 + Level 2.8(2.4) Spellcasting
 - Level 1.0(0.6) Transmutations
 + Level 0.2(0.0) Fire Magic
 - Level 1.0(0.6) Air Magic
 * Level 4.4(3.9) Poison Magic


You had 2 spell levels left.
You knew the following spells:

 Your Spells              Type           Power        Failure   Level  Hunger
a - Sting                 Tmut/Pois      #...         8%          1    #......
b - Poisonous Vapours     Pois/Air       #.....       12%         2    ###....
c - Ignite Poison         Fire/Tmut/Pois #.......     32%         3    ###....

Your spell library contained the following spells:

 Spells                   Type           Power        Failure   Level  Hunger
 Mephitic Cloud           Conj/Pois/Air  #.......     32%         3    ###....
 Olgreb's Toxic Radiance  Pois           ##......     36%         4    #####..


Dungeon Overview and Level Annotations

Branches:
Dungeon (2/15)

Altars:
Ashenzari
Fedhas

Annotations:
D:2 Crazy Yiuf


Innate Abilities, Weirdness & Mutations

Your plain brown scales are hard. (AC +5)
You cannot fit into any form of body armour.
You are cold-blooded and may be slowed by cold attacks.


Message History

Press: ? - help, Shift-Dir - straight line, f/p - Crazy Yiuf
Aim: Crazy Yiuf, wielding a +2 quarterstaff of chaos and wearing a +0 cloak (heavily wounded)
The sting hits Crazy Yiuf but does no damage.
Crazy Yiuf is poisoned.
Crazy Yiuf is heavily wounded.
Crazy Yiuf closely misses you.
Casting: Sting (safe; 8% risk of failure)
Confirm with . or Enter, or press ? or * to list all spells.
You don't have enough magic to cast that spell.
You closely miss Crazy Yiuf.
Crazy Yiuf is heavily wounded.
Crazy Yiuf completely misses you.
You barely miss Crazy Yiuf.
Crazy Yiuf is heavily wounded.
Crazy Yiuf twirls on the spot.
Crazy Yiuf hits you with a +2 quarterstaff of chaos!
* * * LOW HITPOINT WARNING * * *
Crazy Yiuf draws strength from your wounds!
Crazy Yiuf hits you with a +2 quarterstaff of chaos!
You die...

############# ............#
......#####.# ### ......# #.#
###♣♣♣♣♣ #.# ......###
#.###.+..♣.♣♣♣ ### #.# .....†.<#
#.........♣..♣#...# #.# ......###
#.#......♣♣♣♣.'...# #.# ......#
#.##..@g♣♣ ♣♣#..)# #.# ......#
#.#####♣♣ ### #.# ......# #.. #..
......########## #.#
...............################..
.................................
#####........#.............#<..#.
....#.#.####.#...#########.###.#.
...........#...'..## #.# #.#.


You could see Crazy Yiuf.

Vanquished Creatures
  4 adders (D:2)
  2 dart slugs (D:2)
  A leopard gecko (D:2)
  A giant cockroach (D:2)
  6 goblins
  5 hobgoblins
  7 jackals (D:1)
  10 bats
  2 frilled lizards (D:1)
  8 kobolds
  9 rats
55 creatures vanquished.

Notes
Turn   | Place    | Note
-------+----------+-------------------------------------------
     0 | D:1      | Kohma the Draconian Venom Mage began the quest for the Orb.
     0 | D:1      | Reached XP level 1. HP: 14/14 MP: 3/3
   290 | D:1      | Reached XP level 2. HP: 20/20 MP: 3/5
   294 | D:1      | Learned a level 2 spell: Poisonous Vapours
   990 | D:2      | Reached XP level 3. HP: 26/26 MP: 4/6
  1209 | D:2      | Reached skill level 4 in Poison Magic
  1453 | D:2      | Reached XP level 4. HP: 33/33 MP: 1/8
  1458 | D:2      | Learned a level 3 spell: Ignite Poison
  1535 | D:2      | Reached skill level 1 in Air Magic
  1666 | D:2      | Found a shattered altar of Ashenzari.
  1680 | D:2      | Became a worshipper of Ashenzari the Shackled
  2021 | D:2      | Found a blossoming altar of Fedhas.
  2190 | D:2      | Found a runed translucent door.
  2191 | D:2      | Noticed Crazy Yiuf
  2211 | D:2      | Slain by Crazy Yiuf

Levels and vault maps discovered:
D:1:      minmay_arrival_doors, layout_basic
D:2:      layout_basic, ashenzari_altar_1, fedhas_altar_1,
          grunt_decor_arrowhead, kennysheep_boxes, uniq_crazy_yiuf_cottage

Skill      XL: |  1  2  3  4 |
---------------+-------------+-----
Poison Magic   | 4 |  4.4
Air Magic      | 1 |  1.0
Dodging        | |  1.7
Stealth        | |  1.7
Shields        | |  0.2
Spellcasting   | |  2.8
Transmutations | |  1.0
Fire Magic     | |  0.2

Action                   |  1- 3 |  4- 6 || total
-------------------------+-------+-------++-------
Melee: Club              |     8 |       ||     8
       Unarmed           |     4 |       ||     4
       Tailslap          |    11 |     1 ||    12
       Dagger            |    67 |       ||    67
       Rapier            |       |    15 ||    15
 Cast: Sting             |    30 |     1 ||    31
       Poisonous Vapours |     9 |    18 ||    27
Invok: Curse Item        |       |     1 ||     1
  Use: Potion            |       |     1 ||     1
 Stab: Sleeping          |       |     1 ||     1
  Eat: Chunk             |     3 |     3 ||     6
Armor: Skin              |    51 |    11 ||    62
Dodge: Dodged            |    81 |    20 ||   101

Table legend:
 A = Non-vault XP
 B = Vault XP
 C = Vault XP percentage of total XP
 D = Non-vault monster count
 E = Vault monster count
 F = Vault count percentage of total count
                 A         B        C        D         E       F
            +---------+---------+-------+---------+---------+-------
      Total |     135 |       0 |   0.0 |      55 |       0 |   0.0
            +---------+---------+-------+---------+---------+-------
        D:1 |      39 |       0 |   0.0 |      27 |       0 |   0.0
        D:2 |      96 |       0 |   0.0 |      28 |       0 |   0.0
            +---------+---------+-------+---------+---------+-------
